 Dungeon Crawl Stone Soup version 0.30-a0-4-ga7cffc901d (webtiles) character file.

Game seed: 6884833792774608265

26 Setbun the Sneak (level 3, -3/20 HPs)
             Began as a Kobold Enchanter on Aug 20, 2022.
             Slain by a kobold
             ... wielding a +1 dagger of electrocution
              (15 damage)
             ... on level 2 of the Dungeon.
             The game lasted 00:00:42 (1311 turns).

Setbun the Sneak (Kobold Enchanter)                 Turns: 1311, Time: 00:00:44

Health: -3/20      AC:  2    Str:  5    XL:     3   Next: 22%
Magic:  6/6        EV: 15    Int: 16    God:
Gold:   44         SH:  0    Dex: 17    Spells: 6/6 levels left

rFire   . . .      SeeInvis .    d - +0 dagger (freeze)
rCold   . . .      Faith    .    (no shield)
rNeg    . . .      Spirit   .    b - +0 robe
rPois   .          Reflect  .    (no helmet)
rElec   .          Harm     .    (no cloak)
rCorr   .          Rampage  .    (no gloves)
Will    .....                    (no boots)
Stlth   ++++......               (no amulet)
HPRegen 0.06/turn                (no ring)
MPRegen 0.10/turn                (no ring)

@: no status effects
A: small, no large weapons, nightstalker 3
a: no special abilities


You were on level 2 of the Dungeon.
You visited 1 branch of the dungeon, and saw 2 of its levels.

You collected 44 gold pieces.

Inventory:

Hand Weapons
 a - a +1 dagger
 d - a +0 dagger of freezing (weapon)
Armour
 b - a +0 robe (worn)
Scrolls
 e - a scroll of noise {unknown}
 i - a scroll of identify {unknown}
 j - a scroll of poison {unknown}
 l - a scroll of magic mapping {unknown}
Potions
 c - 2 potions of invisibility
 f - a potion of curing {unknown}
 g - a potion of attraction {unknown}
 h - a potion of degeneration {unknown}
 k - a potion of haste {unknown}
 m - a potion of heal wounds {unknown}


   Skills:
 + Level 0.7 Fighting
 + Level 1.8 Short Blades
 + Level 2.8 Dodging
 * Level 4.6 Stealth
 + Level 2.3 Spellcasting
 + Level 3.2 Hexes


You had 6 spell levels left.
You didn't know any spells.
Your spell library contained the following spells:

 Spells                   Type           Power      Damage    Failure   Level
 Ensorcelled Hibernation  Hex/Ice        14%        N/A       16%         2
 Confusing Touch          Hex            12%        N/A       16%         3
 Tukima's Dance           Hex            12%        N/A       16%         3
 Dazzling Flash           Conj/Hex       14%        N/A       30%         3


Dungeon Overview and Level Annotations

Branches:
Dungeon (2/15)

Altars:


Innate Abilities, Weirdness & Mutations

You are small and have problems with some larger weapons.
You are completely attuned to the shadows.


Message History

A dart slug comes into view.
You see here a +0 helmet.
The helpless dart slug fails to defend itself.
You impale the dart slug!! You freeze the dart slug.
You kill the dart slug!
No target in view!
No target in view!
No target in view!
No target in view!
No target in view!
There is a stone staircase leading up here.
m - a purple potion An adder comes into view.
An adder is nearby!
A kobold comes into view.
It is wielding a +1 dagger of electrocution.
The kobold shouts!
The adder bites you.
You are poisoned.
The adder poisons you!
You hit the adder. You freeze the adder.
The adder is moderately wounded.
You feel sick. The adder bites you but does no damage.
You barely miss the adder.
The adder is moderately wounded.
You feel sick. The adder bites you but does no damage.
You closely miss the adder.
The adder is moderately wounded.
You feel sick. The adder bites you but does no damage.
The kobold hits you but does no damage.
You miss the adder.
The adder is moderately wounded.
You feel sick. The adder bites you. The kobold closely misses you.
The adder barely misses you.
You hit the adder.
The adder seems to slow down.
You freeze the adder.
The adder is almost dead.
You feel sick.
You are no longer poisoned.
The kobold hits you but does no damage.
You are electrocuted!
Ouch! That really hurt!
You die...

#. ##### #. #....
##.## #.###
###...###########.###
.!...............##.
##...###########<...
##@## #.##. ...KS#
#.### .##..# #.# #
#..# ### #.#
...###.########.#
#.#.>...[...#
##.########## #.# #.#


You could see an adder (slow) and a kobold.

Vanquished Creatures
  2 dart slugs
  An endoplasm (D:1)
  A giant cockroach (D:1)
  2 goblins (D:1)
  A hobgoblin (D:1)
  6 kobolds (D:1)
  A quokka (D:2)
  A ball python (D:1)
  3 bats (D:1)
  3 frilled lizards (D:1)
  A rat (D:1)
22 creatures vanquished.

Notes
Turn   | Place    | Note
-------+----------+-------------------------------------------
     0 | D:1      | Setbun the Kobold Enchanter began the quest for the Orb.
     0 | D:1      | Reached XP level 1. HP: 10/10 MP: 3/3
   162 | D:1      | Reached XP level 2. HP: 16/16 MP: 5/5
   416 | D:1      | Found a faded altar of an unknown god.
   941 | D:1      | Reached XP level 3. HP: 20/20 MP: 6/6
  1311 | D:2      | Slain by a kobold

Illustrated notes

Levels and vault maps discovered:
D:1:      dpeg_arrival_yet_another_circle, layout_basic,
          nicolae_ecumenical_lake_church
D:2:      layout_loops_ring

Action                   || total
-------------------------++-------
Melee: Dagger            ||    41
 Stab: Sleeping          ||    18
Armor: Robe              ||     9
Dodge: Dodged            ||    10

Table legend: (Time is in decaauts)
 A = Elapsed time spent in this place.
 B = Non-inter-level travel time spent in this place.
 C = Inter-level travel time spent in this place.
 D = Time resting spent in this place.
 E = Time spent auto-exploring this place.
 F = Levels seen in this place.
 G = Mean time per level.
                   A        B        C        D        E       F      G
               +--------+--------+--------+--------+--------+-----+--------+
         Total |   1308 |   1291 |     17 |      0 |   1159 |   2 |  654.0 |
       Dungeon |   1308 |   1291 |     17 |      0 |   1159 |   2 |  654.0 |
               +--------+--------+--------+--------+--------+-----+--------+

Top non-repeatable levels by time:
     D:1: 1214 daAuts
     D:2: 94 daAuts
